 Dungeon Crawl Stone Soup version 0.29-a0-555-g3b24f45cc1 (webtiles) character file.

Game seed: 8498599320154971324

21 zishaf the Shooter (level 2, -1/22 HPs)
             Began as a Demigod Wanderer on June 7, 2022.
             Slain by a worm (9 damage)
             ... on level 2 of the Dungeon.
             The game lasted 00:01:30 (724 turns).

zishaf the Shooter (Demigod Wanderer)                Turns: 724, Time: 00:01:31

Health: -1/22      AC:  6    Str: 16    XL:     2   Next: 48%
Magic:  2/7        EV:  9    Int: 14    God:
Gold:   218        SH:  0    Dex: 10    Spells: 4/5 levels left

rFire   . . .      SeeInvis .   a - +0 shortbow (vorpal)
rCold   . . .      Faith    .   (shield currently unavailable)
rNeg    . . .      Spirit   .   g - +0 scale mail
rPois   +          Reflect  .   (no helmet)
rElec   .          Harm     .   (no cloak)
rCorr   .          Rampage  .   (no gloves)
Will    .....                   (no boots)
Stlth   ..........              (no amulet)
HPRegen 0.07/turn               e - ring of poison resistance
MPRegen 0.10/turn               (no ring)

@: very slightly contaminated
A: high MP 1, forlorn, divine attributes
a: no special abilities


You were on level 2 of the Dungeon.
You visited 1 branch of the dungeon, and saw 2 of its levels.

You collected 218 gold pieces.

Inventory:

Hand Weapons
 a - a +0 vorpal shortbow (weapon)
 b - a +1 dagger of venom
Missiles
 f - 7 javelins
Armour
 g - a +0 scale mail (worn)
Jewellery
 e - a ring of poison resistance (left hand)
Scrolls
 d - a scroll of identify {unknown}
 h - a scroll of brand weapon {unknown}
 i - 2 scrolls of enchant weapon {unknown}
 j - 2 scrolls of teleportation {unknown}
 k - a scroll of magic mapping {unknown}
Potions
 c - a potion of heal wounds
 l - a potion of attraction {unknown}


   Skills:
 + Level 0.8 Fighting
 + Level 2.9 Bows
 - Level 2.6 Armour
 - Level 1.0 Dodging
 - Level 2.0 Spellcasting
 + Level 1.3 Conjurations
 + Level 0.7 Fire Magic


You had 4 spell levels left.
You knew the following spells:

 Your Spells              Type           Power      Damage    Failure   Level
a - Foxfire               Conj/Fire      16%        2x1d4     50%         1

Your spell library contained the following spells:

 Spells                   Type           Power      Damage    Failure   Level
 Dazzling Flash           Conj/Hex       6%         N/A       88%         3
 Summon Guardian Golem    Hex/Summ       1%         N/A       94%         3
 Orb of Destruction       Conj           2%         9d5       100%        7
 Spellforged Servitor     Conj/Summ      1%         N/A       100%        7


Dungeon Overview and Level Annotations

Branches:
Dungeon (2/15)


Innate Abilities, Weirdness & Mutations

You have an increased reservoir of magic. (+10% MP)
You shall have no god before yourself.
Your divine heritage dramatically boosts your attributes as you level up.


Message History

The worm is heavily wounded.
You shoot an arrow. The arrow hits the worm.
The worm is heavily wounded.
The worm bites you.
You shoot an arrow. The arrow hits the worm.
The worm is severely wounded.
The worm bites you.
You shoot an arrow.
The arrow hits the worm but does no damage.
The worm is severely wounded.
The worm bites you.
You are too injured to fight recklessly!
Casting: Foxfire (safe; 50% risk of failure)
Press: ? - help, Q - select action, (/) - cycle Dir - look around, f - activate You conjure some foxfire!
The worm barely misses you.
The foxfire hits the worm.
The worm is severely wounded.
The foxfire hits the worm.
The worm is almost dead.
Casting: Foxfire (safe; 50% risk of failure)
Press: ? - help, Q - select action, (/) - cycle Dir - look around, f - activate You conjure some foxfire!
Your foxfire dissipates!
The foxfire hits the worm but does no damage.
The worm is severely wounded.
Casting: Foxfire (safe; 50% risk of failure)
Press: ? - help, Q - select action, (/) - cycle Dir - look around, f - activate You miscast Foxfire.
You are very lightly contaminated with residual magic.
Nothing appears to happen.
Casting: Foxfire (safe; 50% risk of failure)
Press: ? - help, Q - select action, (/) - cycle Dir - look around, f - activate You miscast Foxfire.
Nothing appears to happen.
You see here a scroll labelled VUEVOE PEDUE.
Casting: Foxfire (safe; 50% risk of failure)
Press: ? - help, Q - select action, (/) - cycle Dir - look around, f - activate You miscast Foxfire.
Nothing appears to happen.
The worm bites you!
You die...

##+##
##...## ####
##....?##.?.
##...@...#.#
#....w.....#
+..........#
#.....<....#
##.......#.#
##..)<)## ..
#........##.
#.#+####.#
#. #


You could see a worm.

Vanquished Creatures
  2 giant cockroaches (D:1)
  5 goblins
  2 hobgoblins (D:1)
  2 ball pythons (D:1)
  4 bats (D:1)
  2 frilled lizards (D:1)
  2 kobolds
19 creatures vanquished.

Vanquished Creatures (others)
  3 foxfires (D:2)
  4 fungi (D:1)
  4 toadstools (D:1)
11 creatures vanquished.

Grand Total: 30 creatures vanquished

Notes
Turn   | Place    | Note
-------+----------+-------------------------------------------
     0 | D:1      | zishaf the Demigod Wanderer began the quest for the Orb.
     0 | D:1      | zishaf set off with the following items: a +0 vorpal
                  | shortbow, a +0 scale mail, a potion of heal wounds; and the
                  | following spell memorised: Foxfire; and the following
                  | spells available to memorise: Dazzling Flash
     0 | D:1      | Reached XP level 1. HP: 14/14 MP: 5/5
   266 | D:1      | Reached XP level 2. HP: 22/22 MP: 7/7
   724 | D:2      | Slain by a worm

Illustrated notes

Levels and vault maps discovered:
D:1:      psy_arrival_conway, layout_loops_ring, minmay_gold_behind_fungi,
          st_stairs_12, minivault_14, hangedman_abyss_or_decor_lesser_grid
D:2:      layout_loops_corners, minmay_goblin_kobold_house, uniq_terence

Skill      XL: |  1  2 |
---------------+-------+-----
Spellcasting   | 2 |  2.0
Fighting       | |  0.8
Bows           | |  2.9
Armour         | |  2.6
Dodging        | |  1.0
Conjurations   | |  1.3
Fire Magic     | |  0.7

Action                   || total
-------------------------++-------
 Fire: Shortbow          ||    64
 Cast: Foxfire           ||     2
Armor: Scale mail        ||    16
Dodge: Dodged            ||    24

Table legend: (Time is in decaauts)
 A = Elapsed time spent in this place.
 B = Non-inter-level travel time spent in this place.
 C = Inter-level travel time spent in this place.
 D = Time resting spent in this place.
 E = Time spent auto-exploring this place.
 F = Levels seen in this place.
 G = Mean time per level.
                   A        B        C        D        E       F      G
               +--------+--------+--------+--------+--------+-----+--------+
         Total |    763 |    758 |      5 |      0 |    599 |   2 |  381.5 |
       Dungeon |    763 |    758 |      5 |      0 |    599 |   2 |  381.5 |
               +--------+--------+--------+--------+--------+-----+--------+

Top non-repeatable levels by time:
     D:1: 722 daAuts
     D:2: 41 daAuts
